AoeStats
← ladiesman217

Black Forest

504494508Analyzed
4v4 RM · 27d ago on Sep 5, 2026· 43m 16s· 8 players
Game mode
Random Map
Map size
Large (8 player)
Population
200
Speed
Normal
Resources
Standard
Victory
Conquest
Starting age
Dark Age
Ending age
Imperial Age
RankedLock teamsTeams togetherTeam positionsShared explorationLock speedFull tech treeHidden civsTurbo modeCheats
Victory
Defeat
🇨🇳 Hindustanis · China
723
+15
🇨🇳 Portuguese · China
708
+15
🇹🇷 Mongols · Türkiye
673
+17
🇬🇧 Spanish · United Kingdom
618
+19
🇯🇵 Britons · Japan
797
-22
🇯🇵 Goths · Japan
715
-17
🇯🇵 Georgians · Japan
638
-14
🇯🇵 Persians · Japan
615
-13
Shredded_Pork
10:43 Feudal Age
11:17 Double-Bit Axe
11:16 Horse Collar
18:31 Castle Age
20:11 Bow Saw
20:18 Heavy Plow
20:48 Stone Mining
20:48 Gold Mining
30:32 Imperial Age
30:01 Wheelbarrow
32:15 Grand Trunk Road
32:15 Shatagni
33:33 Two-Man Saw
33:12 Gold Shaft Mining
33:13 Stone Shaft Mining
33:16 Forging
33:06 Scale Mail Armor
33:12 Scale Barding Armor
33:08 Padded Archer Armor
32:59 Fletching
33:33 Ballistics
33:48 Squires
34:29 Iron Casting
35:05 Chemistry
34:26 Husbandry
34:39 Bloodlines
33:52 Heavy Camel Rider
35:56 Conscription
36:08 Hand Cart
36:20 Chain Barding Armor
36:15 Chain Mail Armor
36:16 Leather Archer Armor
35:56 Bodkin Arrow
36:17 Imperial Camel Rider
37:56 Caravan
伐木王
0:54 Loom
15:28 Feudal Age
16:41 Double-Bit Axe
16:40 Horse Collar
18:10 Gold Mining
24:16 Castle Age
23:04 Stone Mining
27:05 Stone Shaft Mining
29:06 Imperial Age
26:22 Treadmill Crane
27:03 Bow Saw
33:19 Chemistry
36:54 Fortified Wall
36:55 Masonry
36:51 Siege Engineers
36:42 Murder Holes
39:44 Architecture
42:48 Bombard Tower
ladiesman217
18:10 Feudal Age
22:34 Double-Bit Axe
23:52 Horse Collar
27:21 Castle Age
26:56 Gold Mining
26:57 Stone Mining
28:55 Bow Saw
30:57 Elite Skirmisher
41:49 Imperial Age
40:53 Man-at-Arms
40:53 Pikeman
41:44 Long Swordsman
43:38 Chemistry
Merginator44
0:31 Loom
20:41 Feudal Age
21:51 Double-Bit Axe
21:48 Horse Collar
31:43 Castle Age
30:32 Fletching
30:43 Padded Archer Armor
30:55 Forging
30:51 Scale Barding Armor
31:46 Gold Mining
31:49 Stone Mining
33:14 Wheelbarrow
33:21 Bow Saw
32:53 Fishing Lines
33:27 Heavy Plow
34:16 Gillnets
35:06 Gold Shaft Mining
35:09 Stone Shaft Mining
35:18 Hand Cart
36:23 Caravan
36:18 Town Watch
37:16 Town Patrol
41:52 Imperial Age
39:35 Bodkin Arrow
39:56 Leather Archer Armor
40:17 Iron Casting
40:02 Chain Barding Armor
42:02 Ballistics
41:38 Murder Holes
41:54 Masonry
Kyasa_rin
0:53 Loom
12:12 Feudal Age
13:59 Wheelbarrow
17:57 Castle Age
16:41 Double-Bit Axe
16:52 Gold Mining
17:32 Stone Mining
22:10 Fletching
24:24 Fervor
27:23 Bow Saw
28:24 Town Watch
28:57 Hand Cart
32:42 Bodkin Arrow
35:50 Imperial Age
33:56 Caravan
34:14 Forging
34:10 Scale Barding Armor
34:45 Horse Collar
35:46 Iron Casting
36:09 Chain Barding Armor
35:54 Murder Holes
35:40 Treadmill Crane
36:21 Ballistics
36:15 Masonry
37:16 Conscription
36:18 Elite Monaspa
37:27 Husbandry
37:38 Bloodlines
38:32 Blast Furnace
37:49 Guilds
38:25 Stone Shaft Mining
37:55 Heavy Plow
39:17 Architecture
39:35 Hoardings
40:47 Plate Barding Armor
41:41 Capped Ram
Shibakiman
2:20 Loom
11:23 Feudal Age
13:08 Wheelbarrow
12:44 Double-Bit Axe
18:56 Castle Age
19:58 Bow Saw
23:53 Hand Cart
30:46 Imperial Age
28:32 Horse Collar
28:45 Gold Mining
28:47 Stone Mining
29:00 Scale Mail Armor
29:17 Squires
32:46 Two-Man Saw
31:14 Elite Huskarl
32:00 Anarchy
32:23 Conscription
32:58 Onager
34:27 Chain Mail Armor
34:30 Perfusion
34:45 Forging
36:03 Stone Shaft Mining
35:31 Heavy Plow
37:02 Iron Casting
37:49 Town Watch
39:08 Blast Furnace
Ponyo
1:49 Loom
17:32 Feudal Age
18:41 Double-Bit Axe
19:41 Horse Collar
22:28 Castle Age
21:32 Gold Mining
22:18 Stone Mining
23:20 Bow Saw
24:22 Wheelbarrow
29:11 Gold Shaft Mining
29:28 Hand Cart
31:03 Fletching
33:30 Masonry
33:38 Crossbowman
33:41 Pikeman
37:31 Imperial Age
35:05 Bodkin Arrow
35:10 Padded Archer Armor
35:11 Scale Mail Armor
36:18 Forging
37:10 Leather Archer Armor
37:47 Chain Mail Armor
38:03 Ballistics
37:25 Treadmill Crane
38:04 Fortified Wall
38:26 Guilds
38:17 Caravan
39:22 Architecture
39:19 Ballistics
40:00 Chemistry
39:48 Hoardings
39:35 Conscription
41:45 Squires
42:32 Yeomen
Travolta
7:19 Loom
12:24 Feudal Age
13:48 Wheelbarrow
13:31 Double-Bit Axe
13:27 Horse Collar
17:04 Castle Age
18:07 Bow Saw
18:02 Heavy Plow
24:50 Hand Cart
25:37 Fishing Lines
28:05 Gillnets
28:08 Gold Mining
28:08 Stone Mining
30:57 Imperial Age
30:13 Stone Shaft Mining
30:14 Gold Shaft Mining
29:50 Forging
29:46 Scale Barding Armor
30:15 Coinage
30:54 Town Watch
31:45 Iron Casting
31:00 Fletching
32:53 Two-Man Saw
32:24 Crop Rotation
32:19 Conscription
32:50 Chain Barding Armor
32:31 Padded Archer Armor
33:35 Blast Furnace
32:53 Guilds
32:43 Caravan
33:43 Town Patrol
33:40 Bodkin Arrow
33:58 Citadels
34:24 Hoardings
34:53 Chemistry
34:13 Ballistics
33:52 Murder Holes
35:22 Plate Barding Armor
36:02 Devotion
36:01 Elite War Elephant
38:36 Padded Archer Armor
38:36 Scale Mail Armor
39:29 Bloodlines
39:20 Husbandry
38:40 Light Cavalry
41:24 Banking
41:56 Faith
41:39 Kamandaran
41:56 Leather Archer Armor
41:56 Chain Mail Armor
Connection lost

Rejoining the realm…

Still unreachable

The connection could not be restored.

Session expired

The server has moved on; the page needs a fresh start.